 Dungeon Crawl Stone Soup version 0.24.0-123-gd5b16e6ec5 (webtiles) character file.

Game seed: 9048420570739215426, levelgen mode: deterministic

159 Elellon the Chopper (level 5, -1/45 HPs)
             Began as a Hill Orc Fighter on Jan 13, 2020.
             Slain by Grinder (4 damage)
             ... on level 3 of the Dungeon.
             The game lasted 00:02:50 (2476 turns).

Elellon the Chopper (Hill Orc Fighter)              Turns: 2476, Time: 00:02:50

Health: -1/45      AC:  6    Str: 20    XL:     5   Next: 40%
Magic:  5/5        EV:  7    Int:  8    God:
Gold:   94         SH:  9    Dex: 10    Spells: 4/4 levels left

rFire    . . .     SeeInvis .   a - +0 war axe
rCold    . . .     Gourm    .   c - +0 shield
rNeg     . . .     Faith    .   b - +0 scale mail
rPois    .         Spirit   .   (no helmet)
rElec    .         Reflect  .   (no cloak)
rCorr    .         Harm     .   (no gloves)
MR       .....                  (no boots)
Stlth    ..........             (no amulet)
HPRegen  0.15/turn              (no ring)
MPRegen  0.09/turn              (no ring)

@: no status effects
A: no striking features
a: no special abilities


You were on level 3 of the Dungeon.
You were not hungry.

You visited 1 branch of the dungeon, and saw 3 of its levels.

You collected 94 gold pieces.

Inventory:

Hand Weapons
 a - a +0 war axe (weapon)
Armour
 b - a +0 scale mail (worn)
 c - a +0 shield (worn)
Jewellery
 o - an uncursed ring of protection from magic
 s - an uncursed amulet of guardian spirit {unknown}
Scrolls
 e - 2 scrolls of amnesia {unknown}
 h - 2 scrolls of immolation {unknown}
 i - a scroll of noise {unknown}
 l - a scroll of teleportation {unknown}
 m - a scroll of fog {unknown}
 q - 3 scrolls of identify {unknown}
 r - a scroll of enchant armour {unknown}
 t - a scroll of enchant weapon {unknown}
 u - a scroll of magic mapping {unknown}
Potions
 d - a potion of might
 j - a potion of degeneration {unknown}
 k - a potion of agility {unknown}
 n - a potion of flight {unknown}
 p - a potion of mutation {unknown}
Comestibles
 f - 5 rations
 g - a chunk of flesh


   Skills:
 - Level 3.6 Fighting
 + Level 7.2 Axes
 - Level 3.2 Armour
 - Level 3.2 Shields


You had 4 spell levels left.
You didn't know any spells.
Your spell library was empty.

Dungeon Overview and Level Annotations

Branches:
Dungeon (3/15)

Altars:

Annotations:
D:3 Grinder


Message History

You hit Grinder.
Grinder is moderately wounded.
Grinder completely misses you. Grinder gestures at you.
You suddenly lose the ability to move!
Grinder hits you!
* * * LOW HITPOINT WARNING * * *
You writhe in agony.
* * * LOW HITPOINT WARNING * * *
Grinder hits you.
* * * LOW HITPOINT WARNING * * *
You writhe in agony.
* * * LOW HITPOINT WARNING * * *
Grinder hits you.
* * * LOW HITPOINT WARNING * * *
You can move again.
You slash Grinder!
Grinder is heavily wounded.
Grinder hits you.
You die...

######.###.##
#>.....
#..........#
#.....#
#..........#
####..#
#..........##
...
#...............
...
#..........#####
#..........#
###........#
#..@.....#
#..5.....#
#..........
#........##
#........#
#........#
#).......#
##########


You could see Grinder.

Vanquished Creatures
  Robin (D:3)
  A gnoll (D:1)
  7 oozes
  4 worms
  4 dart slugs
  3 leopard geckos
  8 giant cockroaches
  16 goblins
  8 hobgoblins
  7 jackals (D:1)
  A kobold (D:3)
  2 quokkas (D:2)
  4 bats
  4 frilled lizards
  12 rats
82 creatures vanquished.

Notes
Turn   | Place    | Note
-------+----------+-------------------------------------------
     0 | D:1      | Elellon the Hill Orc Fighter began the quest for the Orb.
     0 | D:1      | Reached XP level 1. HP: 19/19 MP: 1/1
     1 | D:1      | Found a runed translucent door.
    41 | D:1      | Reached skill level 3 in Axes
    41 | D:1      | Reached XP level 2. HP: 21/26 MP: 2/2
    44 | D:1      | Reached skill level 4 in Axes
   276 | D:1      | Reached XP level 3. HP: 29/31 MP: 3/3
   626 | D:1      | Reached skill level 5 in Axes
   732 | D:1      | Reached XP level 4. HP: 37/39 MP: 4/4
   751 | D:1      | Reached skill level 6 in Axes
  1418 | D:2      | Reached XP level 5. HP: 43/45 MP: 5/5
  2036 | D:3      | Noticed Robin
  2186 | D:3      | Reached skill level 7 in Axes
  2192 | D:3      | Killed Robin
  2460 | D:3      | Noticed Grinder
  2462 | D:3      | Paralysed by Grinder for 6 turns
  2472 | D:3      | Paralysed by Grinder for 4 turns
  2476 | D:3      | Slain by Grinder

Levels and vault maps discovered:
D:1:      dpeg_arrival_caged_fury, layout_basic
D:2:      layout_basic
D:3:      layout_rooms, fedhas_ov_isle_minmay, uniq_grinder, uniq_robin

Skill      XL: |  1  2  3  4  5 |
---------------+----------------+-----
Axes           | 3 4 5 6 7 |  7.2
Fighting       | |  3.6
Armour         | |  3.2
Shields        | |  3.2

Action                   |  1- 3 |  4- 6 || total
-------------------------+-------+-------++-------
Melee: War axe           |    55 |   127 ||   182
  Eat: Chunk             |       |     5 ||     5
Armor: Scale mail        |    23 |    53 ||    76
Dodge: Dodged            |    11 |    43 ||    54
Block: Shield            |    16 |    68 ||    84
